 Dungeon Crawl Stone Soup version 0.27-a0-1287-gca74d27db6 (webtiles) character file.

Game seed: 5762449339716839922

333 freelancePsychic the Skirmisher (level 6, -5/46 (52) HPs)
             Began as a Demonspawn Arcane Marksman on June 15, 2021.
             Slain by a wight (9 damage)
             ... on level 6 of the Dungeon.
             The game lasted 00:11:10 (6646 turns).

freelancePsychic the Skirmisher (DsAM)              Turns: 6646, Time: 00:11:10

HP:   -5/46 (52)    AC:  6    Str: 12    XL:     6   Next: 27%
MP:   7/7           EV: 12    Int: 14    God:
Gold: 237           SH:  0    Dex: 14    Spells: 7/7 levels left

rFire    . . .     SeeInvis .   s - +1 morningstar
rCold    . . .     Faith    .   (no shield)
rNeg     . . .     Spirit   .   l - +0 scale mail
rPois    .         Reflect  .   (helmet restricted)
rElec    .         Harm     .   (no cloak)
rCorr    .         Rampage  .   (no gloves)
Will     .....                  (no boots)
Stlth    ..........             (no amulet)
HPRegen  0.15/turn              (no ring)
MPRegen  0.10/turn              (no ring)

@: heavily drained
A: antennae 2, repulsion field 2
a: no special abilities


You were on level 6 of the Dungeon.
You visited 2 branches of the dungeon, and saw 7 of its levels.

You collected 237 gold pieces.

Inventory:

Hand Weapons
 a - a +0 shortbow
 j - a +0 hunting sling
 s - a +1 morningstar (weapon)
Missiles
 d - 22 arrows
 i - a throwing net
 k - 113 stones (quivered)
Armour
 e - a +0 robe
 l - a +0 scale mail (worn)
Jewellery
 f - a ring of fire
 g - a +6 ring of intelligence
 q - a ring of flight
Wands
 x - a wand of iceblast (10)
Scrolls
 c - 2 scrolls of identify {@r1}
 o - a scroll of teleportation {@r4}
Potions
 b - a potion of haste {@q3}
 h - 3 potions of brilliance {unknown}
 m - 2 potions of flight {unknown}
 n - a potion of lignification {unknown}
 t - 2 potions of curing {unknown}
 u - a potion of degeneration {unknown}
 z - a potion of attraction {unknown}


   Skills:
 + Level 5.9 Fighting
 - Level 0.4 Maces & Flails
 - Level 1.7 Bows
 + Level 2.7 Dodging
 - Level 1.0 Spellcasting
 - Level 3.0 Hexes


You had 7 spell levels left.
You didn't know any spells.
Your spell library contained the following spells:

 Spells                   Type           Power      Damage    Failure   Level
 Corona                   Hex            10%        N/A       38%         1
 Slow                     Hex            9%         N/A       54%         2
 Freeze                   Ice            0%         1d3       82%         1
 Inner Flame              Hex/Fire       4%         N/A       93%         3
 Portal Projectile        Hex/Tloc       8%         N/A       93%         3
 Frozen Ramparts          Ice            0%         1d2       99%         3
 Ozocubu's Armour         Ice            0%         N/A       99%         3
 Cause Fear               Hex            4%         N/A       99%         4
 Hailstorm                Conj/Ice       0%         3d3       100%        4
 Leda's Liquefaction      Hex/Erth       2%         N/A       100%        4
 Metabolic Englaciation   Hex/Ice        2%         N/A       100%        5


Dungeon Overview and Level Annotations

Branches:
Dungeon (6/15)             Temple (1/1) D:5

Altars:
Ashenzari
Cheibriados
Dithmenos
Elyvilon
Fedhas
Gozag
Hepliaklqana
Nemelex Xobeh
Ru
Uskayaw
Vehumet
Wu Jian
Yredelemnul
Zin
The Shining One

Shops:
D:1 *

Annotations:
D:3 Grinder


Innate Abilities, Weirdness & Mutations

You have a pair of antennae on your head.
You are surrounded by a moderate repulsion field. (EV +3)


Message History

The wight is almost destroyed.
The wight closely misses you. The wight hits you but does no damage.
You barely miss the wight.
The wight is severely damaged.
The wight closely misses you.
You closely miss the wight.
The wight is severely damaged.
The wight closely misses you. The wight hits you with a +0 spear.
You hit the wight.
The wight is almost destroyed.
The wight barely misses you.
You hit the wight but do no damage.
The wight is almost destroyed.
The wight hits you with a +0 spear!
You feel drained. The wight closely misses you.
You closely miss the wight.
The wight is almost destroyed.
The wight closely misses you.
You closely miss the wight.
The wight is almost destroyed.
The wight hits you with a +0 spear.
* * * LOW HITPOINT WARNING * * *
The wight hits you but does no damage.
You hit the wight but do no damage.
The wight is almost destroyed.
The wight hits you but does no damage.
You barely miss the wight.
The wight is almost destroyed.
The wight barely misses you. x2
You closely miss the wight.
The wight is severely damaged.
The wight barely misses you.
You barely miss the wight.
The wight is severely damaged.
The wight barely misses you. The wight hits you with a +0 spear!
* * * LOW HITPOINT WARNING * * *
You hit the wight.
The wight is almost destroyed.
The wight hits you with a +0 spear!
You die...

##### #.#.##########
#.............
#...########.#
#########...# .#
........#...##### .#
##..........z@..# .#
#.##.#####.###.####.#
#..............<.#
.......>#.#.####.#
........##.#.# .#
.#######.##.#.# .# #.
#.#....# .# #.######
.# #. [#


You could see a wight.

Vanquished Creatures
  A sky beast (D:6)
  A wight (D:6)
  An orc priest (D:3)
  A bullfrog skeleton (D:4)
  3 adders
  3 dart slugs
  13 orcs
  7 ball pythons
  3 bats
  12 endoplasms
  4 giant cockroaches
  3 goblins
  6 hobgoblins
  11 jackals
  5 quokkas
  3 frilled lizards (D:1)
  6 kobolds
  5 rats
88 creatures vanquished.

Notes
Turn   | Place    | Note
-------+----------+-------------------------------------------
     0 | D:1      | freelancePsychic the Demonspawn Arcane Marksman began the
                  | quest for the Orb.
     0 | D:1      | Reached XP level 1. HP: 15/15 MP: 2/2
    92 | D:1      | Found Qythesch's Assorted Antiques.
   114 | D:1      | Reached skill level 2 in Fighting
   123 | D:1      | Gained mutation: You are surrounded by a mild repulsion
                  | field. (EV +2) [demonic ancestry]
   123 | D:1      | Reached XP level 2. HP: 18/22 MP: 3/3
   910 | D:1      | Reached skill level 3 in Fighting
  1025 | D:1      | Reached XP level 3. HP: 26/29 MP: 4/4
  2106 | D:2      | Gained mutation: You are surrounded by a moderate repulsion
                  | field. (EV +3) [demonic ancestry]
  2106 | D:2      | Reached XP level 4. HP: 15/37 MP: 5/5
  2361 | D:2      | Reached skill level 4 in Fighting
  2690 | D:2      | Found a faded altar of an unknown god.
  3990 | D:4      | Reached skill level 5 in Fighting
  3990 | D:4      | Gained mutation: You have a pair of small antennae on your
                  | head. [demonic ancestry]
  3990 | D:4      | Reached XP level 5. HP: 42/44 MP: 6/6
  4526 | D:4      | Found a radiant altar of Vehumet.
  4633 | D:4      | Noticed Grinder
  4633 | D:4      | Paralysed by Grinder for 4 turns
  5252 | D:5      | Entered Level 5 of the Dungeon
  5299 | D:5      | Noticed a black bear
  5773 | D:5      | Found a staircase to the Ecumenical Temple.
  5787 | Temple   | Entered the Ecumenical Temple
  6269 | D:6      | Noticed a sky beast
  6292 | D:6      | Killed a sky beast
  6293 | D:6      | Gained mutation: You have a pair of antennae on your head.
                  | [demonic ancestry]
  6293 | D:6      | Reached XP level 6. HP: 21/52 MP: 7/7
  6646 | D:6      | Slain by a wight

Illustrated notes

Levels and vault maps discovered:
D:1:      psy_arrival_fountain, layout_loops_cross, serial_shops,
          nicolae_shop_statue_plus, minivault_27, minmay_cut_off
D:2:      minmay_razor_zed, layout_loops_ring, ebering_ecumenical_altar_webs,
          minmay_tree_intersection
D:3:      layout_loops_ring, kennysheep_generic_room_10
D:4:      layout_basic, lemuel_crystal_altar, nicolae_overflow_hidden_temple,
          uniq_grinder
D:5:      minmay_clustersquares, layout_basic, minmay_temple_entry_junction_2,
          uniq_menkaure
D:6:      layout_basic, chequers_temple_overflow_statue_of_worship,
          uniq_blork_the_orc, uniq_maggie
Temple:   nicolae_temple_figure_eight

Skill      XL: |  1  2  3  4  5 |
---------------+----------------+-----
Fighting       | 2 3 5 |  5.9
Dodging        | 2 |  2.7
Maces & Flails | |  0.4
Bows           | |  1.7
Spellcasting   | |  1.0
Hexes          | |  3.0

Action                   |  1- 3 |  4- 6 || total
-------------------------+-------+-------++-------
Melee: Trident           |    27 |   140 ||   167
       Dagger            |    25 |       ||    25
       Morningstar       |       |    61 ||    61
 Fire: Shortbow          |    93 |    10 ||   103
Throw: Stone             |       |     3 ||     3
  Use: Scroll            |       |    10 ||    10
       Potion            |       |     1 ||     1
Armor: Robe              |     3 |       ||     3
       Scale mail        |    23 |    88 ||   111
Dodge: Dodged            |    61 |   134 ||   195

Table legend: (Time is in decaauts)
 A = Elapsed time spent in this place.
 B = Non-inter-level travel time spent in this place.
 C = Inter-level travel time spent in this place.
 D = Time resting spent in this place.
 E = Time spent auto-exploring this place.
 F = Levels seen in this place.
 G = Mean time per level.
                   A        B        C        D        E       F      G
               +--------+--------+--------+--------+--------+-----+--------+
         Total |   6733 |   6341 |    392 |    633 |   4850 |   7 |  961.9 |
       Dungeon |   6476 |   6122 |    354 |    633 |   4643 |   6 | 1079.3 |
        Temple |    257 |    219 |     38 |      0 |    207 |   1 |  257.0 |
               +--------+--------+--------+--------+--------+-----+--------+

Top non-repeatable levels by time:
     D:2: 1554 daAuts
     D:1: 1522 daAuts
     D:4: 1463 daAuts
     D:3: 1092 daAuts
     D:6: 527 daAuts
     D:5: 316 daAuts
  Temple: 257 daAuts
